 Dungeon Crawl Stone Soup version 0.28.0-53-g5a82cb258f (webtiles) character file.

Game seed: 1578095562755300472

39 Atelerd the Digger (level 3, 0/21 HPs)
             Began as an Octopode Earth Elementalist on June 11, 2022.
             Slain by a ball python (1 damage)
             ... on level 2 of the Dungeon.
             The game lasted 00:01:11 (1698 turns).

Atelerd the Digger (Octopode Earth Elementalist)    Turns: 1698, Time: 00:01:13

Health: 0/21       AC:  1    Str:  7    XL:     3   Next: 45%
Magic:  4/6        EV: 10    Int: 19    God:
Gold:   42         SH:  0    Dex: 12    Spells: 5/6 levels left

rFire   . . .      SeeInvis .   d - +0 dagger
rCold   . . .      Faith    .   (no shield)
rNeg    . . .      Spirit   .   (helmet restricted)
rPois   .          Reflect  .   (no amulet)
rElec   .          Harm     .   (no ring)
rCorr   .          Rampage  .   (no ring)
Will    .....                   (no ring)
Stlth   +++.......              (no ring)
HPRegen 0.07/turn               (no ring)
MPRegen 0.10/turn               (no ring)
                                (no ring)
                                (no ring)

@: very slightly contaminated, constricted
A: almost no armour, amphibious, 8 rings, camouflage 1, gelatinous body 1,
(nimble swimmer 1), tentacles
a: no special abilities


You were on level 2 of the Dungeon.
You visited 1 branch of the dungeon, and saw 2 of its levels.

You collected 42 gold pieces.

Inventory:

Hand Weapons
 d - a +0 dagger (weapon)
Missiles
 b - 22 stones
Scrolls
 e - a scroll of brand weapon {unknown}
 f - a scroll of fear {unknown}
 g - a scroll of torment {unknown}
 h - 2 scrolls of blinking {unknown}
Potions
 a - 2 potions of attraction {unknown}
 c - a potion of heal wounds {unknown}


   Skills:
 + Level 0.2 Fighting
 + Level 2.3 Dodging
 + Level 3.1 Stealth
 + Level 2.2 Spellcasting
 + Level 1.0 Transmutations
 + Level 3.8 Earth Magic


You had 5 spell levels left.
You knew the following spells:

 Your Spells              Type           Power      Damage    Failure   Level
a - Sandblast             Erth           32%        2d9       3%          1

Your spell library contained the following spells:

 Spells                   Type           Power      Damage    Failure   Level
 Passwall                 Tmut/Erth      9%         N/A       10%         2
 Stone Arrow              Conj/Erth      18%        3d8       22%         3
 Petrify                  Tmut/Erth      11%        N/A       52%         4


Dungeon Overview and Level Annotations

Branches:
Dungeon (2/15)

Altars:


Innate Abilities, Weirdness & Mutations

You cannot wear most types of armour.
You are amphibious.
You can wear up to eight rings at the same time.
Your skin changes colour to match your surroundings (Stealth+).
Your rubbery body absorbs attacks. (AC +1, EV +1)
((You are camouflaged when in or above water. (Stealth+)))
You have tentacles for arms and can constrict up to eight enemies at once.


Message History

Done exploring.
You start waiting.
Done exploring.
Done exploring.
There is a stone staircase leading down here.
You climb downwards.
The quokka bites you. x2
The ball python closely misses you. x2
There is a stone staircase leading up here.
You barely miss the quokka. Your grab misses the quokka.
The quokka completely misses you. The ball python bites you.
The ball python grabs you. The ball python constricts you.
You are too injured to fight recklessly!
You are too injured to fight recklessly!
You are too injured to fight recklessly!
You are too injured to fight recklessly!
You are too injured to fight recklessly!
Casting: Sandblast (safe; 3% risk of failure)
Confirm with . or Enter, or press ? or * to list all spells.
Aiming: Sandblast (safe; 3% risk of failure)
Press: ? - help, Shift-Dir - straight line, f - quokka
Aim: a quokka (71% to hit)
The blast of sand misses the quokka.
The quokka barely misses you. The ball python barely misses you.
The ball python constricts you. The quokka bites you.
* * * LOW HITPOINT WARNING * * *
Casting: Sandblast (safe; 3% risk of failure)
Confirm with . or Enter, or press ? or * to list all spells.
Aiming: Sandblast (safe; 3% risk of failure)
Press: ? - help, Shift-Dir - straight line, f/p - quokka
Aim: a quokka (71% to hit)
You miscast Sandblast.
You are very lightly contaminated with residual magic.
Nothing appears to happen.
The ball python bites you but does no damage.
The ball python constricts you.
* * * LOW HITPOINT WARNING * * *
The quokka bites you.
* * * LOW HITPOINT WARNING * * *
The ball python bites you.
You die...

...............
...............
...............
.............
...........
.......).# ...
#..#
.##..#.#########
........r@......#
........S.......#
.....$#.........#
#######.........#
#..[......#
#.........#
#.........#
###########


You could see a quokka and a ball python.

Vanquished Creatures
  A dart slug (D:1)
  2 bats (D:1)
  4 endoplasms (D:1)
  2 giant cockroaches (D:1)
  3 goblins
  7 hobgoblins (D:1)
  A jackal (D:1)
  3 quokkas (D:1)
  3 ball pythons
  A frilled lizard (D:1)
  A kobold (D:1)
  3 rats (D:1)
31 creatures vanquished.

Notes
Turn   | Place    | Note
-------+----------+-------------------------------------------
     0 | D:1      | Atelerd the Octopode Earth Elementalist began the quest for
                  | the Orb.
     0 | D:1      | Reached XP level 1. HP: 11/11 MP: 3/3
     1 | D:1      | Noticed an electric eel
   296 | D:1      | Reached XP level 2. HP: 17/17 MP: 1/5
   765 | D:1      | Reached XP level 3. HP: 21/21 MP: 4/6
  1143 | D:1      | Found a faded altar of an unknown god.
  1698 | D:2      | HP: 1/21 [quokka (3)]
  1698 | D:2      | Slain by a ball python

Illustrated notes

Levels and vault maps discovered:
D:1:      arrival_aquarium_a, layout_basic, dilly_ecumenical_altar_fadedgnrine,
          st_stairs_10, minmay_hexomino_c4
D:2:      minmay_spotlight, layout_rooms, basic_altar, minmay_door_square

Skill      XL: |  1  2 |
---------------+-------+-----
Stealth        | 3 |  3.1
Fighting       | |  0.2
Dodging        | |  2.3
Spellcasting   | |  2.2
Transmutations | |  1.0
Earth Magic    | |  3.8

Action                   || total
-------------------------++-------
Melee: Unarmed           ||    13
       Constrict         ||     9
       Tentacles         ||     3
       Dagger            ||    13
 Cast: Sandblast         ||    33
 Stab: Sleeping          ||     1
Armor: Skin              ||     8
Dodge: Dodged            ||    54
